 Dungeon Crawl Stone Soup version 0.31-a0-851-g7ff8af7976 (webtiles) character file.

Game seed: 30800373931476958

158 matthes123 the Ruffian (level 5, -3/41 HPs)
             Began as a Gnoll Shapeshifter on Oct 5, 2023.
             Succumbed to an orc priest's poison
             ... on level 4 of the Dungeon.
             The game lasted 00:03:17 (2747 turns).

matthes123 the Ruffian (Gnoll Shapeshifter)         Turns: 2747, Time: 00:03:18

Health: -3/41      AC: 11    Str: 16    XL:     5   Next: 40%
Magic:  7/7        EV: 13    Int:  9    God:
Gold:   191        SH:  0    Dex: 17    Spells: 7/7 levels left

rFire   + .          .
                       - Unarmed
rCold   . . .        (no shield)
rNeg    . . .        f - +2 ring mail {rF+}
rPois   .            (helmet currently unavailable)
rElec   .            (cloak currently unavailable)
rCorr   .            (gloves currently unavailable)
SInv    .            (boots currently unavailable)
Will    .....        (no amulet)
Stlth   +            m - +6 ring of dexterity
HPRegen 0.26/turn    s - +4 ring of protection
MPRegen 0.10/turn

%: no passive effects
@: lethally poisoned (-3 -> -21), beast-form
A: beast (slay +3), fangs 1, strong nose, distributed training
a: Begin Untransformation


You were on level 4 of the Dungeon.
You were a hulking beast.
You visited 1 branch of the dungeon, and saw 4 of its levels.

You collected 191 gold pieces.

Inventory:

Armour
 a - a +0 animal skin
 f - a +2 ring mail of fire resistance (worn)
Jewellery
 g - a ring of resist corrosion
 m - a +6 ring of dexterity (left hand)
 p - a +5 ring of evasion
 s - a +4 ring of protection (right hand)
Talismans
 c - a beast talisman (active)
 d - a flux talisman
 l - a flux talisman
Scrolls
 e - a scroll of amnesia
Potions
 b - 2 potions of lignification
 h - a potion of might
 k - a potion of curing {unknown}
 n - a potion of berserk rage {unknown}
 o - a potion of heal wounds {unknown}
 q - a potion of attraction {unknown}
 r - a potion of mutation {unknown}


   Skills:
 + Level 3.0 Fighting
 + Level 1.5 Short Blades
 + Level 1.5 Long Blades
 + Level 1.5 Axes
 + Level 1.5 Maces & Flails
 + Level 1.5 Polearms
 + Level 1.5 Staves
 + Level 1.5 Ranged Weapons
 + Level 1.5 Throwing
 + Level 1.5 Armour
 + Level 4.8 Dodging
 + Level 1.5 Stealth
 + Level 1.5 Shields
 + Level 6.7 Unarmed Combat
 + Level 1.5 Spellcasting
 + Level 1.2 Conjurations
 + Level 1.2 Hexes
 + Level 1.2 Summonings
 + Level 1.2 Necromancy
 + Level 1.2 Translocations
 + Level 1.2 Transmutations
 + Level 1.2 Fire Magic
 + Level 1.2 Ice Magic
 + Level 1.2 Air Magic
 + Level 1.2 Earth Magic
 + Level 1.2 Poison Magic
 + Level 1.7 Invocations
 + Level 1.5 Evocations
 + Level 6.6 Shapeshifting


You had 7 spell levels left.
You didn't know any spells.
Your spell library contained the following spells:

 Spells                   Type           Power      Damage    Failure   Level
 Sublimation of Blood     Necr           2%         N/A       52%         2
 Gell's Gravitas          Tloc           2%         N/A       75%         3
 Teleport Other           Tloc           2%         N/A       75%         3
 Petrify                  Tmut/Erth      2%         N/A       98%         4
 Irradiate                Conj/Tmut      1%         3d12      100%        5
 Dispersal                Tloc           1%         N/A       100%        6


Dungeon Overview and Level Annotations

Branches:
Dungeon (4/15)
 Temple: D:4-7

Altars:

Annotations:
D:4 1 runed translucent door, Crazy Yiuf


Innate Abilities, Weirdness & Mutations

You are a hulking beast.
Your limbs bulge with bestial killing power. (Slay +3)
You have very sharp teeth.
Your uncanny sense of smell can sniff out nearby items.
Your experience applies equally to all skills.


Message History

You are poisoned.
An orc priest is nearby!
You hit the orc priest.
The orc priest is heavily wounded.
You feel sick.
The orc priest hits you but does no damage.
You are more poisoned.
You barely miss the orc priest.
The orc priest is heavily wounded.
You feel very sick.
The orc priest hits you but does no damage.
You closely miss the orc priest.
The orc priest is heavily wounded.
You feel sick.
You hit the orc priest.
The orc priest is heavily wounded.
You feel very sick.
The orc priest hits you with a +1 trident of venom!
You are lethally poisoned!
You are too injured to fight recklessly!
It was a potion of might.
You feel very mighty all of a sudden.
* * * LOW HITPOINT WARNING * * *
You feel very sick.
The orc priest hits you but does no damage.
You are more poisoned.
You punch the orc priest!
You kill the orc priest!
* * * LOW HITPOINT WARNING * * *
You feel very sick.
Your Fighting skill increases to level 3!
It was a potion of resistance.
You feel protected.
* * * LOW HITPOINT WARNING * * *
You feel very sick.
It was a potion of cancellation.
Your magical effects are unravelling.
You feel magically purged.
You feel a little less mighty now.
Your resistance to elements expires.
You die...

#.........†......#
##......####....##
##....## ##..##
##.....# #...##
##..<...## #....##
#...)....# #.....##
...###..#......##
##.##...# ..#...
#....#..###..###...
.... ##h.##...##..#
##.. #...
##).##.......#####.
#... ##...###........#
##
#.o.##....############
# #..#......###
#...........# ♣♣♣
#............# ###
♣♣♣.♣ #......###....#
#...#♣..♣. #......##
#...# #...+.♣♣♣♣


There were no monsters in sight!

Vanquished Creatures
  A jelly (D:4)
  An orc priest (D:4)
  2 adders
  A worm (D:2)
  5 dart slugs
  5 orcs
  8 bats
  4 endoplasms (D:2)
  A giant cockroach (D:1)
  6 goblins
  8 hobgoblins
  3 kobolds
  4 quokkas (D:2)
  6 ball pythons
  2 frilled lizards
  3 rats
60 creatures vanquished.

Notes
Turn   | Place    | Note
-------+----------+-------------------------------------------
     0 | D:1      | matthes123 the Gnoll Shapeshifter began the quest for the
                  | Orb.
     0 | D:1      | Reached XP level 1. HP: 17/17 MP: 1/1
   221 | D:1      | Reached XP level 2. HP: 23/23 MP: 2/2
   599 | D:1      | Found a faded altar of an unknown god.
   886 | D:2      | Reached XP level 3. HP: 28/28 MP: 3/3
  1006 | D:2      | Reached skill level 1 in Invocations
  1120 | D:2      | Reached skill level 1 in Short Blades
  1120 | D:2      | Reached skill level 1 in Long Blades
  1120 | D:2      | Reached skill level 1 in Axes
  1120 | D:2      | Reached skill level 1 in Maces & Flails
  1120 | D:2      | Reached skill level 1 in Polearms
  1120 | D:2      | Reached skill level 1 in Staves
  1120 | D:2      | Reached skill level 1 in Ranged Weapons
  1120 | D:2      | Reached skill level 1 in Throwing
  1120 | D:2      | Reached skill level 1 in Armour
  1120 | D:2      | Reached skill level 1 in Stealth
  1120 | D:2      | Reached skill level 1 in Shields
  1120 | D:2      | Reached skill level 1 in Spellcasting
  1120 | D:2      | Reached skill level 1 in Evocations
  1374 | D:2      | Reached XP level 4. HP: 30/34 MP: 5/5
  2231 | D:4      | Found a runed translucent door.
  2232 | D:4      | Noticed Crazy Yiuf
  2268 | D:4      | Reached skill level 1 in Conjurations
  2268 | D:4      | Reached skill level 1 in Hexes
  2268 | D:4      | Reached skill level 1 in Summonings
  2268 | D:4      | Reached skill level 1 in Necromancy
  2268 | D:4      | Reached skill level 1 in Translocations
  2268 | D:4      | Reached skill level 1 in Transmutations
  2268 | D:4      | Reached skill level 1 in Fire Magic
  2268 | D:4      | Reached skill level 1 in Ice Magic
  2268 | D:4      | Reached skill level 1 in Air Magic
  2268 | D:4      | Reached skill level 1 in Earth Magic
  2268 | D:4      | Reached skill level 1 in Poison Magic
  2272 | D:4      | Reached XP level 5. HP: 19/40 MP: 5/7
  2746 | D:4      | HP: 2/41 [poisoned by an orc priest]
  2747 | D:4      | Succumbed to an orc priest's poison

Illustrated notes

Levels and vault maps discovered:
D:1:      lemuel_arrival_behind_the_door_small, layout_basic,
          dreamdust_ecumenical_altar_angels_and_demons, minmay_box_of_dots
D:2:      layout_basic, grunt_ministairs_14, hex_large
D:3:      layout_loops_cross, serial_glass, glass_columns_b, glass_columns_c,
          st_stairs_12
D:4:      layout_layer_cave, minmay_misc_feat_alley,
          minmay_fractal_squares_gapless_5, uniq_crazy_yiuf_cottage

Skill      XL: |  1  2  3  4  5 |
---------------+----------------+-----
Invocations    | 1 |  1.7
Short Blades   | 1 |  1.5
Long Blades    | 1 |  1.5
Axes           | 1 |  1.5
Maces & Flails | 1 |  1.5
Polearms       | 1 |  1.5
Staves         | 1 |  1.5
Ranged Weapons | 1 |  1.5
Throwing       | 1 |  1.5
Armour         | 1 |  1.5
Stealth        | 1 |  1.5
Shields        | 1 |  1.5
Spellcasting   | 1 |  1.5
Evocations     | 1 |  1.5
Conjurations   | 1 |  1.2
Hexes          | 1 |  1.2
Summonings     | 1 |  1.2
Necromancy     | 1 |  1.2
Translocations | 1 |  1.2
Transmutations | 1 |  1.2
Fire Magic     | 1 |  1.2
Ice Magic      | 1 |  1.2
Air Magic      | 1 |  1.2
Earth Magic    | 1 |  1.2
Poison Magic   | 1 |  1.2
Fighting       | 3 |  3.0
Dodging        | |  4.8
Unarmed Combat | |  6.7
Shapeshifting  | |  6.6

Action                     |  1- 3 |  4- 6 || total
---------------------------+-------+-------++-------
  Melee: Unarmed           |    64 |    43 ||   107
         Bite              |     1 |     3 ||     4
         Punch             |     1 |     1 ||     2
    Use: Scroll            |       |     6 ||     6
         Potion            |       |     3 ||     3
   Stab: Sleeping          |     3 |     1 ||     4
 Armour: Animal skin       |    27 |       ||    27
         Ring mail         |       |    25 ||    25
  Dodge: Dodged            |    34 |    27 ||    61

Table legend: (Time is in decaauts)
 A = Elapsed time spent in this place.
 B = Non-inter-level travel time spent in this place.
 C = Inter-level travel time spent in this place.
 D = Time resting spent in this place.
 E = Time spent auto-exploring this place.
 F = Levels seen in this place.
 G = Mean time per level.
                   A        B        C        D        E       F      G
               +--------+--------+--------+--------+--------+-----+--------+
         Total |   2734 |   2636 |     98 |    469 |   1800 |   4 |  683.5 |
       Dungeon |   2734 |   2636 |     98 |    469 |   1800 |   4 |  683.5 |
               +--------+--------+--------+--------+--------+-----+--------+

Top non-repeatable levels by time:
     D:3: 872 daAuts
     D:1: 771 daAuts
     D:2: 728 daAuts
     D:4: 362 daAuts
